 Dungeon Crawl Stone Soup version 0.30-a0-778-g2ef04afb54 (webtiles) character file.

Game seed: 12660858821602447725

79 bande the Covered (level 4, -1/29 HPs)
             Began as a Gargoyle Fighter on Feb 15, 2023.
             Slain by a gnoll
             ... wielding a +0 halberd of protection
              (5 damage)
             ... on level 2 of the Dungeon.
             The game lasted 00:03:02 (1302 turns).

bande the Covered (Gargoyle Fighter)                Turns: 1302, Time: 00:03:03

Health: -1/29      AC: 15    Str: 20    XL:     4   Next: 38%
Magic:  4/4        EV:  9    Int:  8    God:
Gold:   2101       SH:  5    Dex: 17    Spells: 2/3 levels left

rFire   . . .      SeeInvis .    a - +0 war axe
rCold   . . .      Faith    .    c - +0 buckler
rNeg    + . .      Spirit   .    b - +0 scale mail
rPois   ∞          Reflect  .    (no helmet)
rElec   +          Harm     .    (no cloak)
rCorr   .          Rampage  .    (no gloves)
Will    .....                    i - +0 pair of boots Stlth
                                 (no amulet)
HPRegen 0.24/turn                h - +4 ring of protection
MPRegen 0.09/turn                k - +6 ring of dexterity

@: studying Translocations
A: sickness immunity, AC +3, negative energy resistance 1, electricity
resistance, torment resistance 1, petrification resistance
a: no special abilities


You were on level 2 of the Dungeon.
You visited 1 branch of the dungeon, and saw 2 of its levels.

You collected 2101 gold pieces.

Inventory:

Hand Weapons
 a - a +0 war axe (weapon)
 f - a +0 morningstar
Armour
 b - a +0 scale mail (worn)
 c - a +0 buckler (worn)
 i - a +0 pair of boots (worn)
 j - an orb of light
Jewellery
 h - a +4 ring of protection (left hand)
 k - a +6 ring of dexterity (right hand)
Wands
 l - a wand of iceblast (12)
Scrolls
 n - a scroll of identify
Potions
 d - a potion of might
 g - a potion of degeneration {unknown}
 m - a potion of lignification {unknown}


   Skills:
 + Level 3.7 Fighting
 + Level 2.6 Axes
 + Level 4.1 Armour
 + Level 3.7 Shields
 * Level 1.0 Translocations


You had 2 spell levels left.
You knew the following spells:

 Your Spells              Type           Power      Damage    Failure   Level
a - Apportation           Tloc           2%         N/A       71%         1

Your spell library contained the following spells:

 Spells                   Type           Power      Damage    Failure   Level
 Freeze                   Ice            0%         1d3       85%         1
 Necrotise                Necr           0%         1d4       85%         1
 Summon Small Mammal      Summ           0%         N/A       85%         1
 Frozen Ramparts          Ice            0%         1d1       99%         3
 Hailstorm                Conj/Ice       0%         3d3       99%         3


Dungeon Overview and Level Annotations

Branches:
Dungeon (2/15)

Altars:


Innate Abilities, Weirdness & Mutations

You are immune to sickness and miasma.
Your stone body is resilient. (AC +3)
You are immune to poison.
You resist negative energy. (rN+)
You are resistant to electric shocks. (rElec)
You are resistant to unholy torment.
You are immune to petrification.


Message History

You hit the gnoll but do no damage. You barely miss the gnoll.
You block the gnoll's attack.
The gnoll hits you with a +0 halberd of protection!
* * * LOW HITPOINT WARNING * * *
The gnoll barely misses you.
The gnoll hits you with a +0 halberd of protection.
* * * LOW HITPOINT WARNING * * *
You hit the gnoll.
The gnoll is moderately wounded.
You barely miss the gnoll. You block the gnoll's attack.
The gnoll hits you but does no damage.
You slash the gnoll!
The gnoll is severely wounded.
You hit the gnoll. The gnoll hits you with a +0 halberd.
* * * LOW HITPOINT WARNING * * *
The gnoll closely misses you. x2; The gnoll barely misses you.
You feel much better. The gnoll barely misses you. x2
You closely miss the gnoll.
The gnoll is severely wounded.
You barely miss the gnoll. The gnoll closely misses you.
The gnoll hits you with a +0 halberd.
You hit the gnoll but do no damage.
The gnoll is severely wounded.
You barely miss the gnoll. The gnoll hits you with a +0 halberd!
The gnoll hits you with a +0 halberd of protection.
The gnoll hits you but does no damage. The gnoll barely misses you.
You barely miss the gnoll.
The gnoll is severely wounded.
You barely miss the gnoll.
The gnoll hits you with a +0 halberd of protection.
* * * LOW HITPOINT WARNING * * *
The gnoll closely misses you.
You hit the gnoll but do no damage.
The gnoll is severely wounded.
You barely miss the gnoll. The gnoll hits you with a +0 halberd.
* * * LOW HITPOINT WARNING * * *
The gnoll hits you but does no damage. The gnoll hits you with a +0 halberd.
* * * LOW HITPOINT WARNING * * *
The gnoll hits you with a +0 halberd of protection.
You die...

## #########.
...........
######.# ########.
#....<.# #....#.
#......# #.##.#.
#gg....# #......
#@# #..# ####.##
#)# #..# #.##
##.#.#.###..#####
#.##
.......?.........#
#.##
.##.#.#.###......#
#.## #.#.#
##.....####.## #
#.# #...........#
#.# +......###.##
#.# #......# #.##


You could see 2 gnolls.

Vanquished Creatures
  2 gnolls (D:2)
  An adder (D:2)
  2 worms (D:2)
  A dart slug (D:1)
  2 ball pythons (D:1)
  2 bats (D:2)
  4 endoplasms
  6 goblins
  4 hobgoblins
  8 jackals (D:1)
  2 quokkas (D:1)
  2 frilled lizards (D:2)
  2 kobolds (D:1)
  A rat (D:1)
39 creatures vanquished.

Vanquished Creatures (others)
  4 toadstools (D:1)
4 creatures vanquished.

Grand Total: 43 creatures vanquished

Notes
Turn   | Place    | Note
-------+----------+-------------------------------------------
     0 | D:1      | bande the Gargoyle Fighter began the quest for the Orb.
     0 | D:1      | Reached XP level 1. HP: 14/14 MP: 1/1
    56 | D:1      | Reached XP level 2. HP: 9/19 MP: 2/2
   325 | D:1      | Learned a level 1 spell: Apportation
   466 | D:1      | Reached XP level 3. HP: 22/23 MP: 3/3
   541 | D:1      | Identified 3 scrolls of acquirement
   703 | D:1      | Acquired 1197 gold pieces
   705 | D:1      | Acquired 809 gold pieces
   707 | D:1      | Acquired a manual of Translocations
  1163 | D:2      | Reached XP level 4. HP: 29/29 MP: 4/4
  1286 | D:2      | Reached skill level 1 in Translocations
  1289 | D:2      | Reached skill level 4 in Armour
  1302 | D:2      | Slain by a gnoll

Illustrated notes

Levels and vault maps discovered:
D:1:      ldierk_walled_garden_2, layout_loops_ring, palyth_stone_intersect,
          minmay_misc_feat_four_crosses
D:2:      minmay_general_purpose_star, layout_basic

Skill      XL: |  1  2  3  4 |
---------------+-------------+-----
Axes           | 2 |  2.6
Translocations | 1 |  1.0
Armour         | 4 |  4.1
Fighting       | |  3.7
Shields        | |  3.7

Action                     |  1- 3 |  4- 6 || total
---------------------------+-------+-------++-------
  Melee: War axe           |   111 |    30 ||   141
    Use: Scroll            |     8 |       ||     8
         Potion            |       |     1 ||     1
 Armour: Scale mail        |    70 |    21 ||    91
  Dodge: Dodged            |    53 |    36 ||    89
  Block: Buckler           |    33 |    13 ||    46

Table legend: (Time is in decaauts)
 A = Elapsed time spent in this place.
 B = Non-inter-level travel time spent in this place.
 C = Inter-level travel time spent in this place.
 D = Time resting spent in this place.
 E = Time spent auto-exploring this place.
 F = Levels seen in this place.
 G = Mean time per level.
                   A        B        C        D        E       F      G
               +--------+--------+--------+--------+--------+-----+--------+
         Total |   1364 |   1342 |     22 |      0 |    951 |   2 |  682.0 |
       Dungeon |   1364 |   1342 |     22 |      0 |    951 |   2 |  682.0 |
               +--------+--------+--------+--------+--------+-----+--------+

Top non-repeatable levels by time:
     D:1: 887 daAuts
     D:2: 477 daAuts
